PAAA
ROYSE CITY TARGARYENS @ JERSEY CITY TRITONS
08/16/2028
 
TOP OF THE 1ST
Royse City Targaryens batting - Pitching for Jersey City Tritons : RHP António Alomar
Pitching: RHP António Alomar
Batting: LHB Sisto Pagnamenta 0-0: Ball
1-0: Foul Ball, location: 2F
1-1: Ball
2-1: Ball
3-1: Ground out 4-3 (Groundball, 4M)
Batting: RHB Javier Chávez 0-0: Ground out 4-3 (Groundball, 4)
Batting: SHB Corey Neace 0-0: Ball
1-0: Ball
2-0: Ball
3-0: Called Strike
3-1: Swinging Strike
3-2: Base on Balls
Batting: LHB José Vargas 0-0: Ball
1-0: Foul Ball, location: 2F
Pickoff Throw to First - Error! E1
Corey Neace to second
1-1: 2-RUN HOME RUN (Flyball, 89XD), Distance : 415 ft
Batting: RHB Felipe Campos 0-0: Foul Ball, location: 2F
0-1: Ball
1-1: Fly out, F9 (Flyball, 9)
Top of the 1st over - 2 run(s), 1 hit(s), 1 error(s), 0 left on base; Royse City 2 - Jersey City 0
BOTTOM OF THE 1ST
Jersey City Tritons batting - Pitching for Royse City Targaryens : RHP Emershan Naidoo
Pitching: RHP Emershan Naidoo
Batting: RHB Martín Alejadre 0-0: Called Strike
0-1: Ball
1-1: Swinging Strike
1-2: Ball
2-2: Strikes out looking
Batting: RHB Mike Strickland 0-0: Called Strike
0-1: Called Strike
0-2: Fly out, F8 (Line Drive, 8RM)
Batting: SHB Ludovic Michel 0-0: Ball
1-0: Ball
2-0: Ball
3-0: Base on Balls
Batting: RHB Ethan Miller 0-0: Called Strike
0-1: Called Strike
0-2: Ball
1-2: Ball
2-2: Strikes out swinging
Bottom of the 1st over - 0 run(s), 0 hit(s), 0 error(s), 1 left on base; Royse City 2 - Jersey City 0
TOP OF THE 2ND
Royse City Targaryens batting - Pitching for Jersey City Tritons : RHP António Alomar
Batting: LHB Terrence Eler 0-0: Called Strike
0-1: Ball
1-1: Fly out, F9 (Flyball, 9S)
Batting: RHB Charlie Rhodes 0-0: Ball
1-0: Ball
2-0: Called Strike
2-1: SINGLE (Flyball, 89M)
Batting: RHB Fernando Rivera 0-0: Foul Ball, location: 2F
0-1: Ball
1-1: Called Strike
1-2: Strikes out looking
Batting: RHB Bryant Skelly 0-0: Ball
1-0: Ball
2-0: Ground out 1-3 (Groundball, P)
Top of the 2nd over - 0 run(s), 1 hit(s), 0 error(s), 1 left on base; Royse City 2 - Jersey City 0
BOTTOM OF THE 2ND
Jersey City Tritons batting - Pitching for Royse City Targaryens : RHP Emershan Naidoo
Batting: SHB Eustacio Tafalla 0-0: Ball
1-0: Foul Ball, location: 2F
1-1: Swinging Strike
1-2: Ball
2-2: Strikes out swinging
Batting: RHB Mike Greene 0-0: Called Strike
0-1: Ball
1-1: Foul Ball, location: 2F
1-2: Ball
2-2: Fly out, F9 (Flyball, 9D)
Batting: LHB Marlon Randall 0-0: Called Strike
0-1: Ball
1-1: Swinging Strike
1-2: Foul Ball, location: 2F
1-2: Ball
2-2: Strikes out swinging
Bottom of the 2nd over - 0 run(s), 0 hit(s), 0 error(s), 0 left on base; Royse City 2 - Jersey City 0
TOP OF THE 3RD
Royse City Targaryens batting - Pitching for Jersey City Tritons : RHP António Alomar
Batting: LHB Sisto Pagnamenta 0-0: Foul Ball, location: 2F
0-1: Ball
1-1: Ball
2-1: Ground out 4-3 (Groundball, 4)
Batting: RHB Javier Chávez 0-0: Ball
1-0: Ball
2-0: Ball
3-0: Base on Balls
Batting: SHB Corey Neace 0-0: Called Strike
0-1: Ball
1-1: Ball
2-1: Swinging Strike
2-2: Ball
3-2: Foul Ball, location: 2F
3-2: Strikes out swinging
Batting: LHB José Vargas 0-0: Ball
1-0: Called Strike
1-1: Ball
2-1: Called Strike
2-2: Foul Ball, location: 2F
2-2: Strikes out looking
Top of the 3rd over - 0 run(s), 0 hit(s), 0 error(s), 1 left on base; Royse City 2 - Jersey City 0
BOTTOM OF THE 3RD
Jersey City Tritons batting - Pitching for Royse City Targaryens : RHP Emershan Naidoo
Batting: RHB Rudko Hrnjak 0-0: Ball
1-0: Foul Ball, location: 2F
1-1: Ball
2-1: Swinging Strike
2-2: Ball
3-2: Base on Balls
Batting: RHB Gabriel Guerrero 0-0: Foul Ball, location: 2F
0-1: Ball
1-1: Ball
2-1: Ball
3-1: Base on Balls
Rudko Hrnjak to second
Batting: RHB Martín Alejadre 0-0: 3-RUN HOME RUN (Flyball, 7D), Distance : 390 ft
Batting: RHB Mike Strickland 0-0: Called Strike
0-1: Called Strike
0-2: Ball
1-2: Ball
2-2: Strikes out looking
Batting: SHB Ludovic Michel 0-0: Ball
1-0: SINGLE (Line Drive, 4D)
Batting: RHB Ethan Miller 0-0: Ball
1-0: Ball
2-0: Swinging Strike
2-1: Ball
3-1: Swinging Strike
3-2: Foul Ball, location: 2F
3-2: Grounds into double play, 6-4-3 (Groundball, 6)
Bottom of the 3rd over - 3 run(s), 2 hit(s), 0 error(s), 0 left on base; Royse City 2 - Jersey City 3
TOP OF THE 4TH
Royse City Targaryens batting - Pitching for Jersey City Tritons : RHP António Alomar
Batting: RHB Felipe Campos 0-0: Ball
1-0: Swinging Strike
1-1: Ball
2-1: Ball
3-1: Base on Balls
Batting: LHB Terrence Eler 0-0: Called Strike
0-1: SINGLE (Groundball, 6D)
Felipe Campos to second
Batting: RHB Charlie Rhodes 0-0: Called Strike
0-1: Fly out, F8 (Flyball, 8LS)
Batting: RHB Fernando Rivera 0-0: Ball
1-0: Called Strike
1-1: Fly out, F9 (Flyball, 9S)
Batting: RHB Bryant Skelly 0-0: Ball
1-0: Fly out, F9 (Flyball, 89M)
Top of the 4th over - 0 run(s), 1 hit(s), 0 error(s), 2 left on base; Royse City 2 - Jersey City 3
BOTTOM OF THE 4TH
Jersey City Tritons batting - Pitching for Royse City Targaryens : RHP Emershan Naidoo
Batting: SHB Eustacio Tafalla 0-0: Ball
1-0: Ball
2-0: DOUBLE (Line Drive, 9LM)
Batting: RHB Mike Greene 0-0: Ball
1-0: Ball
2-0: Foul Ball, location: 2F
2-1: Called Strike
2-2: Ball
3-2: Strikes out looking
Batting: LHB Marlon Randall 0-0: Called Strike
0-1: Ball
1-1: Ground out 4-3 (Groundball, 4)
Eustacio Tafalla to third
Batting: RHB Rudko Hrnjak 0-0: Ball
1-0: Ball
2-0: Ball
3-0: Called Strike
3-1: Base on Balls
Batting: RHB Gabriel Guerrero 0-0: Foul Ball, location: 2F
0-1: Fly out, F3 (Popup, 34S)
Bottom of the 4th over - 0 run(s), 1 hit(s), 0 error(s), 2 left on base; Royse City 2 - Jersey City 3
TOP OF THE 5TH
Royse City Targaryens batting - Pitching for Jersey City Tritons : RHP António Alomar
Batting: LHB Sisto Pagnamenta 0-0: Called Strike
0-1: Ball
1-1: Foul Ball, location: 2F
1-2: Foul Ball, location: 2F
1-2: Foul Ball, location: 2F
1-2: Fly out, F7 (Flyball, 7LMF)
Batting: RHB Javier Chávez 0-0: SINGLE (Groundball, 34D)
Batting: SHB Corey Neace 0-0: Foul Ball, location: 2F
0-1: Ball
1-1: Swinging Strike
1-2: Grounds into double play, 6-4-3 (Groundball, 6)
Top of the 5th over - 0 run(s), 1 hit(s), 0 error(s), 0 left on base; Royse City 2 - Jersey City 3
BOTTOM OF THE 5TH
Jersey City Tritons batting - Pitching for Royse City Targaryens : RHP Emershan Naidoo
Batting: RHB Martín Alejadre 0-0: Called Strike
0-1: Ball
1-1: Called Strike
1-2: Ball
2-2: Ground out 5-3 (Groundball, 56)
Batting: RHB Mike Strickland 0-0: Called Strike
0-1: Fly out, F9 (Flyball, 9S)
Batting: SHB Ludovic Michel 0-0: Ground out 6-3 (Groundball, 6)
Bottom of the 5th over - 0 run(s), 0 hit(s), 0 error(s), 0 left on base; Royse City 2 - Jersey City 3
TOP OF THE 6TH
Royse City Targaryens batting - Pitching for Jersey City Tritons : RHP António Alomar
Batting: LHB José Vargas 0-0: Ball
1-0: Ground out 4-3 (Groundball, 4)
Now at 2B: Miguel Cruz
Batting: RHB Felipe Campos 0-0: Swinging Strike
0-1: Foul Ball, location: 2F
0-2: Ball
1-2: Ball
2-2: Fly out, F8 (Flyball, 8RM)
Batting: LHB Terrence Eler 0-0: Ball
1-0: Called Strike
1-1: Fly out, F9 (Flyball, 9)
Top of the 6th over - 0 run(s), 0 hit(s), 0 error(s), 0 left on base; Royse City 2 - Jersey City 3
BOTTOM OF THE 6TH
Jersey City Tritons batting - Pitching for Royse City Targaryens : RHP Emershan Naidoo
Batting: RHB Ethan Miller 0-0: Ball
1-0: Called Strike
1-1: Foul Ball, location: 2F
1-2: Ball
2-2: Fly out, F8 (Flyball, 8LXD)
Batting: RHB Miguel Cruz 0-0: Swinging Strike
0-1: Foul Ball, location: 2F
0-2: Strikes out looking
Batting: RHB Mike Greene 0-0: SINGLE (Line Drive, 9LS)
Batting: LHB Marlon Randall 0-0: Ball
1-0: Ball
2-0: Fly out, F4 (Line Drive, 4MD)
Bottom of the 6th over - 0 run(s), 1 hit(s), 0 error(s), 1 left on base; Royse City 2 - Jersey City 3
TOP OF THE 7TH
Royse City Targaryens batting - Pitching for Jersey City Tritons : RHP António Alomar
Batting: RHB Charlie Rhodes 0-0: Foul Ball, location: 2F
0-1: Ground out 6-3 (Groundball, 6M)
Batting: RHB Fernando Rivera 0-0: Ground out 6-3 (Groundball, 6)
Batting: RHB Bryant Skelly 0-0: Ball
1-0: SINGLE (Groundball, 6MD)
Batting: LHB Sisto Pagnamenta 0-0: Ball
1-0: Ball
2-0: Swinging Strike
2-1: Fielders Choice at 2nd, 4-6 (Groundball, 4)
Top of the 7th over - 0 run(s), 1 hit(s), 0 error(s), 0 left on base; Royse City 2 - Jersey City 3
BOTTOM OF THE 7TH
Jersey City Tritons batting - Pitching for Royse City Targaryens : RHP Emershan Naidoo
Batting: RHB Rudko Hrnjak 0-0: Ball
1-0: Ball
2-0: Called Strike
2-1: Ball
3-1: Fly out, F6 (Popup, 6)
Batting: RHB Gabriel Guerrero 0-0: Called Strike
0-1: Foul Ball, location: 2F
0-2: Ball
1-2: Foul Ball, location: 2F
1-2: Ground out 6-3 (Groundball, 6)
Batting: RHB Martín Alejadre 0-0: Swinging Strike
0-1: Ball
1-1: Ball
2-1: SINGLE (Groundball, 6MD)
Pitching: RHP Harry Mander
Batting: RHB Mike Strickland 0-0: Ball
1-0: Called Strike
1-1: Ball
2-1: Swinging Strike
2-2: Foul Ball, location: 2F
2-2: Ball
3-2: Strikes out swinging
Bottom of the 7th over - 0 run(s), 1 hit(s), 0 error(s), 1 left on base; Royse City 2 - Jersey City 3
TOP OF THE 8TH
Royse City Targaryens batting - Pitching for Jersey City Tritons : RHP António Alomar
Now at 3B: Vince Barrowcliff
Now in CF: Eduardo Torres
Batting: RHB Javier Chávez 0-0: Ball
1-0: Ball
2-0: Foul Ball, location: 2F
2-1: Swinging Strike
2-2: Ball
3-2: Foul Ball, location: 2F
3-2: Foul Ball, location: 2F
3-2: SINGLE (Groundball, 56D)
Pitching: RHP Brantford Winstworth III
Batting: SHB Corey Neace 0-0: Ball
1-0: Ball
2-0: SINGLE (Line Drive, 7S)
Javier Chávez to second
Pitching: RHP António Rúbio
Batting: LHB José Vargas 0-0: Swinging Strike
0-1: Fly out, F7 (Flyball, 7S)
Pinch Hitting: LHB Gonzalo Álvarez 0-0: Called Strike
0-1: Ball
1-1: Swinging Strike
1-2: Strikes out swinging
Pitching: LHP Carlos Medina
Batting: LHB Terrence Eler 0-0: Ball
1-0: Called Strike
1-1: Swinging Strike
1-2: Foul Ball, location: 2F
1-2: Foul Ball, location: 2F
1-2: Foul Ball, location: 2F
1-2: Strikes out looking
Top of the 8th over - 0 run(s), 2 hit(s), 0 error(s), 2 left on base; Royse City 2 - Jersey City 3
BOTTOM OF THE 8TH
Jersey City Tritons batting - Pitching for Royse City Targaryens : RHP Harry Mander
Now in RF: Gonzalo Álvarez
Batting: SHB Ludovic Michel 0-0: Ball
1-0: SINGLE (Line Drive, 34)
Batting: RHB Ethan Miller 0-0: Ball
1-0: Foul Ball, location: 2F
1-1: Ball
2-1: Called Strike
2-2: Fly out, F9 (Flyball, 9S)
Batting: RHB Miguel Cruz 0-0: Grounds into double play, 5-4-3 (Groundball, 56)
Bottom of the 8th over - 0 run(s), 1 hit(s), 0 error(s), 0 left on base; Royse City 2 - Jersey City 3
TOP OF THE 9TH
Royse City Targaryens batting - Pitching for Jersey City Tritons : LHP Carlos Medina
Pitching: RHP Christian Mustard
Now in LF: Wayne Akers
Pinch Hitting: LHB Jorge Garza 0-0: SINGLE (Line Drive, 4MD)
Batting: RHB Fernando Rivera 0-0: Bunted foul
0-1: Sac Bunt - play at first, batter OUT! 2-4
Jorge Garza to second
Pinch Hitting: SHB Miguel Herrera 0-0: Foul Ball, location: 2F
0-1: Swinging Strike
0-2: Ball
1-2: Strikes out swinging
Batting: LHB Sisto Pagnamenta 0-0: Foul Ball, location: 2F
0-1: Called Strike
0-2: Ball
1-2: Strikes out swinging
Top of the 9th over - 0 run(s), 1 hit(s), 0 error(s), 1 left on base; Royse City 2 - Jersey City 3
Friday, August 25th, 2017 - OOTP Baseball 17.12 Build 75